 Dungeon Crawl Stone Soup version 0.26-a0-971-g1d9d62bb61 (webtiles) character file.

Game seed: 3282209930911548050

148001 dickylongcocking the Omniscient (level 17, -11/131 HPs)
             Began as a Gnoll Ice Elementalist on Dec 5, 2020.
             Was the Champion of Ashenzari.
             Hit by a javelin thrown by a merfolk javelineer (15 damage)
             ... on level 2 of the Shoals.
             The game lasted 00:53:50 (44437 turns).

dickylongcocking the Omniscient (GnIE)             Turns: 44437, Time: 00:53:51

Health: -11/131    AC: 33    Str: 11    XL:     17   Next: 48%
Magic:  32/33      EV:  8    Int: 26    God:    Ashenzari [******]
Gold:   957        SH:  8    Dex: 17    Spells: 21/40 levels left

rFire    . . .     SeeInvis +   Z - +9 broad axe (protect) (curse)
rCold    + . .     Faith    .   D - +1 buckler {AC+3}
rNeg     . . .     Spirit   .   A - +5 plate armour "Liudinat" {rF+ rCorr Int+3 Stlth-} (curse)
rPois    +         Reflect  .   S - +2 helmet (curse)
rElec    .         Harm     .   U - scarf {+Inv} (curse)
rCorr    +         Rampage  .   Y - +1 pair of gloves {archery}
MR       +....     Clarity  +   x - +0 pair of boots
Stlth    ..........             (no amulet)
HPRegen  0.31/turn              g - ring of poison resistance (curse)
MPRegen  0.23/turn              K - ring of ice (curse)

@: no status effects
A: distributed training, fangs 1, strong nose
a: Curse Item, Scrying, Renounce Religion, Evoke Invisibility


You were on level 2 of the Shoals.
You worshipped Ashenzari.
Ashenzari was exalted by your worship.
You visited 6 branches of the dungeon, and saw 29 of its levels.
You also visited: Bailey, Ice Cave and Volcano.

You collected 3038 gold pieces.
You spent 2081 gold pieces at shops.

Inventory:

Hand Weapons
 C - the +7 rapier of the Demagogue {speed, rF+ MP+9 Int+3}
   (You found it on level 5 of the Dungeon)

   Attacks with this weapon are significantly faster.
   It affects your intelligence (+3).
   It protects you from fire.
   It affects your magic capacity (+9).
 Z - a cursed +9 broad axe of protection (weapon)
Missiles
 m - 8 javelins
 n - 27 boomerangs
 w - 49 bolts
Armour
 x - a +0 pair of boots (worn)
 y - a +1 scale mail of cold resistance
 z - a +2 scale mail of cold resistance
 A - the cursed +5 plate armour "Liudinat" (worn) {rF+ rCorr Int+3 Stlth-}
   (You took it off an orc warrior on level 13 of the Dungeon)

   It affects your intelligence (+3).
   It protects you from fire.
   It provides partial protection from all sources of acid and corrosion.
   It makes you less stealthy.
   It has a curse placed upon it.
 D - a +1 buckler of protection (worn)
 S - a cursed +2 helmet (worn)
 U - a cursed scarf of invisibility (worn)
 X - +0 fire dragon scales
 Y - a +1 pair of gloves of archery (worn)
Jewellery
 c - an uncursed amulet of guardian spirit
 g - a cursed ring of poison resistance (left hand)
 k - the macabre finger necklace {rN+}
   (You bought it in a shop on level 2 of the Snake Pit)

   [amulet of nothing]

   It protects you from negative energy.
 l - an uncursed ring of protection from cold
 p - an uncursed ring of stealth
 q - an uncursed amulet of reflection
 G - an uncursed ring of protection from fire
 I - an uncursed ring of positive energy
 K - a cursed ring of ice (right hand)
 L - an uncursed amulet of the acrobat
 N - a +4 ring of protection
Wands
 h - a wand of iceblast (18)
 E - a wand of enslavement (12)
 H - a wand of disintegration (14)
 Q - a wand of paralysis (17)
 W - a wand of polymorph (9)
Scrolls
 b - 7 scrolls of teleportation
 j - 5 scrolls of amnesia
 o - 5 scrolls of magic mapping
 v - 8 scrolls of fog
 B - a scroll of silence
 J - 7 scrolls of identify
 M - a scroll of enchant weapon
 O - a scroll of blinking
 P - a scroll of fear
 R - a scroll of enchant armour
Potions
 d - 2 potions of magic
 e - a potion of berserk rage {unknown}
 f - 6 potions of curing
 i - 3 potions of flight
 r - 5 potions of lignification
 s - a potion of mutation
 t - 7 potions of haste
 u - 4 potions of brilliance
 F - 11 potions of ambrosia
 T - 2 potions of cancellation
 V - 2 potions of resistance


   Skills:
 + Level 11.5 Fighting
 + Level 11.5 Short Blades
 + Level 11.5 Long Blades
 + Level 11.5(15.7) Axes
 + Level 11.5 Maces & Flails
 + Level 11.5 Polearms
 + Level 11.5 Staves
 + Level 11.5 Slings
 + Level 11.5 Bows
 + Level 11.5 Crossbows
 + Level 11.5 Throwing
 + Level 11.5(15.7) Armour
 + Level 12.3 Dodging
 + Level 12.2 Stealth
 + Level 11.5 Shields
 + Level 11.5 Unarmed Combat
 + Level 12.4 Spellcasting
 + Level 9.8(12.6) Conjurations
 + Level 9.8(12.6) Hexes
 + Level 9.8(12.6) Summonings
 + Level 9.8(12.6) Necromancy
 + Level 9.8(12.6) Translocations
 + Level 9.8(12.6) Transmutations
 + Level 9.8(12.6) Fire Magic
 + Level 11.9(14.6) Ice Magic
 + Level 9.8(12.6) Air Magic
 + Level 9.8(12.6) Earth Magic
 + Level 9.8(12.6) Poison Magic
 + Level 12.4 Invocations
 + Level 11.5(14.2) Evocations


You had 21 spell levels left.
You knew the following spells:

 Your Spells              Type           Power        Failure   Level
a - Freeze                Ice            ####         1%          1
b - Hailstorm             Conj/Ice       #######.     6%          4
c - Apportation           Tloc           ######       1%          1
d - Summon Ice Beast      Ice/Summ       #######.     6%          4
e - Freezing Cloud        Conj/Ice/Air   #######...   75%         6
f - Frozen Ramparts       Ice            ######       1%          3

Your spell library contained the following spells:

 Spells                   Type           Power        Failure   Level
 Animate Skeleton         Necr           ######       1%          1
 Corona                   Hex            ######.      1%          1
 Foxfire                  Conj/Fire      ####         1%          1
 Magic Dart               Conj           ####         1%          1
 Pain                     Necr           ####         1%          1
 Summon Small Mammal      Summ           ####         1%          1
 Blink                    Tloc           N/A          1%          2
 Call Imp                 Summ           ######..     1%          2
 Poisonous Vapours        Pois/Air       ######       1%          2
 Slow                     Hex            ######..     1%          2
 Ozocubu's Armour         Ice            #######.     1%          3
 Conjure Flame            Conj/Fire      ######..     3%          3
 Ignite Poison            Fire/Tmut/Pois ######..     3%          3
 Inner Flame              Hex/Fire       ######..     3%          3
 Mephitic Cloud           Conj/Pois/Air  ######..     3%          3
 Portal Projectile        Hex/Tloc       ######       3%          3
 Vampiric Draining        Necr           ######....   3%          3
 Ice Form                 Ice/Tmut       #######.     6%          4
 Animate Dead             Necr           ######....   10%         4
 Cause Fear               Hex            ######....   10%         4
 Leda's Liquefaction      Hex/Erth       ######....   10%         4
 Sticky Flame             Conj/Fire      ######..     10%         4
 Metabolic Englaciation   Hex/Ice        #######...   19%         5
 Agony                    Necr           ######..     26%         5
 Fireball                 Conj/Fire      ######....   26%         5
 Summon Mana Viper        Hex/Summ       ######..     26%         5
 Ozocubu's Refrigeration  Ice            #######...   56%         6
 Simulacrum               Ice/Necr       #######...   69%         6
 Starburst                Conj/Fire      ######....   83%         6
 Ignition                 Fire           ######....   100%        8


Dungeon Overview and Level Annotations

Branches:
Dungeon (15/15)            Temple (1/1) D:4            Lair (6/6) D:10
 Shoals (2/4) Lair:2        Snake (3/4) Lair:3        Slime (0/5) Lair:6
    Orc (2/2) D:10            Elf (0/3) Orc:2        Vaults (0/5) D:14
 Depths (0/5) D:15         Bailey (visited)           IceCv (visited)
Volcano (visited)

Altars:
Ashenzari
Cheibriados
Elyvilon
Fedhas
Gozag
Hepliaklqana
Kikubaaqudgha
Makhleb
Nemelex Xobeh
Okawaru
Qazlal
Ru
Sif Muna
Trog
Uskayaw
Vehumet
Wu Jian
Xom
Yredelemnul
Zin
The Shining One
Beogh

Shops:
D:6 !   D:7 :   D:8 (   D:10 ?   D:11 ?   Orc:2 [([(   Snake:1 (   Snake:2 }=}(

Annotations:
D:14 1 runed translucent door, Eshrimu's ghost, journeyman DEAE
Lair:2 3 runed translucent doors, jiml777's ghost, journeyman DEAE; lunkers's ghost, journeyman TeAE


Innate Abilities, Weirdness & Mutations

Your experience applies equally to all skills.
You have very sharp teeth.
Your uncanny sense of smell can sniff out nearby items.


Message History

Press: ? - help, v - describe, . - travel
Here: a merfolk, wielding a +0 trident A stone staircase leading down.
Unknown command.
Casting: Freeze (safe; 1% risk of failure)
Confirm with . or Enter, or press ? or * to list all spells.
Okay, then.
Evoke which item? (* to show all) (? for menu, Esc to quit)
Okay, then.
Blink to where?
Press: ? - help, Dir - move target, p - merfolk javelineer
As you read the scroll of blinking, it crumbles to dust.
Unknown command.
The frozen ramparts melt away.
The merfolk javelineer throws a javelin.
The javelin pierces through you!
* * * LOW HITPOINT WARNING * * *
The merfolk javelineer throws a javelin.
The javelin pierces through you!
You die...

≈≈≈≈≈≈≈...##...(#*##......#..##..
≈≈≈≈≈....#....#######..........
≈≈≈≈≈≈≈≈≈..≈≈≈.(..## #..........
≈≈≈≈≈≈≈≈≈.≈≈≈...#..####......≈(..
≈≈≈≈≈≈≈>.....###..........≈≈≈≈.
≈≈..≈≈.m......##....≈≈≈..≈≈≈≈..
≈≈≈≈≈..≈..#..≈^.......≈≈≈...≈....
≈≈≈....†##m...(....!≈≈≈........
≈≈≈≈≈...P.#.P≈..@.....≈≈.....≈.≈.
≈≈≈...P.PP≈≈≈....#>.≈..###.>..≈
≈≈≈....≈PP≈≈≈≈..###..≈...##..".≈
≈ ≈≈≈≈≈≈PP≈≈≈≈≈..# ##........(..P
≈ ≈≈≈≈≈≈.≈≈≈≈≈≈..# ######.......
≈≈≈≈≈≈≈≈≈≈≈≈≈...#* ##..≈P≈≈ ≈
≈≈≈≈ ≈≈≈≈≈≈≈.... #.≈≈≈.P ≈≈≈≈≈
≈≈≈≈≈≈≈≈≈≈≈., * #...P.. ≈ ≈ ≈ ≈
≈≈≈≈≈.≈≈. ,* * ...≈...


You could see a merfolk javelineer (corroded) and a merfolk.

Vanquished Creatures
  Frances (D:13)
  A frost giant (D:15)
  2 nagarajas (Snake:2)
  An orc warlord (Orc:2)
  Aizul (Snake:2)
  2 very ugly things (IceCv)
  Azrael (Orc:2)
  The ghost of OhItsWolfy the Carver, a journeyman MiFi of Okawaru (D:13)
  2 ogre magi
  A fire dragon (Lair:6)
  3 boulder beetles
  3 naga warriors
  A rakshasa (D:15)
  3 anacondas
  11 hydras
  2 merfolk avatars (Shoals:2)
  A tengu warrior (D:13)
  6 centaur warriors
  4 two-headed ogres
  A death yak (Lair:2)
  An orc high priest (Orc:2)
  A naga sharpshooter (Snake:2)
  4 shock serpents
  Sonja (Lair:3)
  A swamp dragon (Lair:6)
  4 unseen horrors
  9 sea snakes
  5 harpies (Shoals:2)
  A lindwurm (Lair:6)
  Pikel (D:6)
  4 orc knights
  11 manticores
  An oklob plant (Snake:2)
  6 mana vipers
  6 cyclopes
  17 ugly things
  A deep elf mage (D:12)
  A salamander (Snake:3)
  6 fauns
  3 elephants (Lair:6)
  7 black mambas
  A centaur zombie (D:12)
  3 water nymphs
  3 merfolk sirens
  Maurice (D:9)
  5 ice statues (IceCv)
  9 cane toads
  2 naga magi
  2 gargoyles
  Maggie (D:6)
  Psyche (D:11)
  9 komodo dragons
  4 yaktaurs
  3 efreet
  A freezing wraith (D:14)
  6 rime drakes
  A tengu conjurer (D:14)
  6 trolls
  A harpy zombie (D:15)
  A queen bee (D:13)
  7 merfolk
  3 meliai (D:13)
  Grinder (D:6)
  2 wind drakes (Shoals:2)
  A harpy skeleton (D:14)
  17 blink frogs
  Prince Ribbit (D:5)
  5 snapping turtles
  13 dream sheep
  4 slime creatures (D:8)
  A centaur simulacrum (D:14)
  7 wyverns
  Sigmund (D:2)
  A shadow (D:14)
  A vampire (D:14)
  2 dire elephant simulacra (IceCv)
  6 nameless horrors
  2 water elementals
  64 yaks
  7 fire elementals
  2 humans (D:7)
  4 vampire mosquitoes (D:14)
  6 basilisks
  A steam dragon (Lair:6)
  8 wargs
  Menkaure (D:6)
  9 nagas
  Edmund (D:5)
  4 harpy simulacra (IceCv)
  22 water moccasins
  An iron troll simulacrum (IceCv)
  A soldier ant (D:10)
  3 acid dragons
  A swamp drake (Lair:6)
  2 hell hounds (Orc:2)
  2 hydra simulacra (IceCv)
  Duvessa (D:5)
  51 orc warriors
  6 sky beasts
  A meliai simulacrum (D:14)
  14 ice beasts
  18 ogres
  A phantom (D:14)
  2 black bears
  9 centaurs
  18 wolves
  3 lemures (D:6)
  2 big kobolds
  18 bullfrogs
  A wyvern skeleton (D:14)
  Dowan (D:5)
  4 scorpions
  4 wights (D:8)
  34 killer bees
  A howler monkey (D:10)
  4 electric eels
  A crimson imp (D:9)
  Crazy Yiuf (D:4)
  A bullfrog zombie (D:9)
  6 hounds
  38 orc wizards
  3 bullfrog skeletons
  25 orc priests
  3 centaur skeletons
  2 jellies
  5 iguanas
  10 worker ants
  5 hell rats (Lair:5)
  A hound skeleton (D:9)
  A worker ant zombie (D:5)
  16 gnolls
  14 adders
  3 shadow imps
  5 ufetubi
  An adder skeleton (D:4)
  An adder zombie (D:7)
  2 worms
  2 dart slugs
  6 leopard geckos
  131 orcs
  6 bats
  4 giant cockroaches
  8 goblins
  6 hobgoblins
  10 jackals
  11 kobolds
  4 quokkas
  A ball python (D:2)
  4 frilled lizards
  A jackal zombie (D:6)
  A leopard gecko skeleton (D:4)
  A quokka zombie (D:7)
  7 rats
  A plant (Lair:6)
954 creatures vanquished.

Vanquished Creatures (collateral kills)
  Rupert (Lair:3)
  The ghost of wjtupper the Warrior, an adept MiHu of Okawaru (Snake:2)
  Fannar (Lair:2)
  2 hydras
  A death yak (Lair:2)
  A naga ritualist (Snake:2)
  An orc knight (Bailey)
  A mana viper (Snake:2)
  An elephant (Lair:6)
  A manticore (Shoals:1)
  4 black mambas (Snake:2)
  2 merfolk sirens
  A torpor snail (Lair:2)
  2 cane toads
  A rime drake (Lair:6)
  A merfolk (Shoals:1)
  A troll (Orc:2)
  A snapping turtle (Shoals:1)
  4 blink frogs
  A wyvern (Lair:1)
  A basilisk (Lair:6)
  6 yaks
  A swamp drake (Lair:6)
  9 orc warriors
  A nameless horror (Lair:6)
  2 orc priests
  An orc wizard (D:9)
  An iguana (Lair:6)
  8 orcs
  A quokka (D:8)
  4 kobolds (D:9)
64 creatures vanquished.

Vanquished Creatures (others)
  An orc knight (D:14)
  A dream sheep (Shoals:2)
  46 fungi
  95 plants
  5 withered plants (D:3)
148 creatures vanquished.

Grand Total: 1166 creatures vanquished

Notes
Turn   | Place    | Note
-------+----------+-------------------------------------------
     0 | D:1      | dickylongcocking the Gnoll Ice Elementalist began the quest
                  | for the Orb.
     0 | D:1      | Reached XP level 1. HP: 13/13 MP: 6/6
    47 | D:1      | Reached XP level 2. HP: 10/19 MP: 2/7
  1067 | D:2      | Reached XP level 3. HP: 24/25 MP: 6/9
  1129 | D:2      | Reached skill level 5 in Spellcasting
  1211 | D:2      | Reached skill level 1 in Invocations
  1215 | D:2      | Reached skill level 1 in Fighting
  1215 | D:2      | Reached skill level 1 in Short Blades
  1215 | D:2      | Reached skill level 1 in Long Blades
  1215 | D:2      | Reached skill level 1 in Axes
  1215 | D:2      | Reached skill level 1 in Maces & Flails
  1215 | D:2      | Reached skill level 1 in Polearms
  1215 | D:2      | Reached skill level 1 in Staves
  1215 | D:2      | Reached skill level 1 in Slings
  1215 | D:2      | Reached skill level 1 in Bows
  1215 | D:2      | Reached skill level 1 in Crossbows
  1215 | D:2      | Reached skill level 1 in Throwing
  1215 | D:2      | Reached skill level 1 in Armour
  1215 | D:2      | Reached skill level 1 in Shields
  1215 | D:2      | Reached skill level 1 in Unarmed Combat
  1215 | D:2      | Reached skill level 1 in Evocations
  1219 | D:2      | Learned a level 3 spell: Frozen Ramparts
  1379 | D:2      | Reached XP level 4. HP: 32/32 MP: 8/11
  1510 | D:2      | Noticed Sigmund
  1520 | D:2      | Killed Sigmund
  1521 | D:2      | Reached skill level 1 in Conjurations
  1521 | D:2      | Reached skill level 1 in Hexes
  1521 | D:2      | Reached skill level 1 in Summonings
  1521 | D:2      | Reached skill level 1 in Necromancy
  1521 | D:2      | Reached skill level 1 in Translocations
  1521 | D:2      | Reached skill level 1 in Transmutations
  1521 | D:2      | Reached skill level 1 in Fire Magic
  1521 | D:2      | Reached skill level 1 in Air Magic
  1521 | D:2      | Reached skill level 1 in Earth Magic
  1521 | D:2      | Reached skill level 1 in Poison Magic
  1521 | D:2      | Reached XP level 5. HP: 33/38 MP: 8/12
  1521 | D:2      | Reached XP level 6. HP: 38/44 MP: 8/13
  2248 | D:3      | Found an ancient bone altar of Kikubaaqudgha.
  2406 | D:3      | Reached skill level 5 in Dodging
  2938 | D:4      | Reached XP level 7. HP: 50/50 MP: 11/15
  3655 | D:4      | Reached skill level 5 in Stealth
  3671 | D:4      | Found a staircase to the Ecumenical Temple.
  3678 | Temple   | Entered the Ecumenical Temple
  3810 | Temple   | Became a worshipper of Ashenzari the Shackled
  4065 | D:4      | Found a runed translucent door.
  4066 | D:4      | Noticed Crazy Yiuf
  4507 | D:4      | Killed Crazy Yiuf
  4508 | D:4      | Reached XP level 8. HP: 30/57 MP: 13/16
  4684 | D:5      | Entered Level 5 of the Dungeon
  4778 | D:5      | Found a shimmering blue altar of Sif Muna.
  4782 | D:5      | Identified the +7 rapier of the Demagogue {speed, rF+ MP+9
                  | Int+3}
  5054 | D:5      | Noticed Edmund
  5057 | D:5      | Got the falchion of Parts Unknown {vorpal, rN+}
  5068 | D:5      | Killed Edmund
  5265 | D:5      | Noticed Prince Ribbit
  5271 | D:5      | Killed Prince Ribbit
  5417 | D:5      | Noticed Duvessa
  5417 | D:5      | Noticed Dowan
  5421 | D:5      | Killed Dowan
  5428 | D:5      | Killed Duvessa
  5429 | D:5      | Reached XP level 9. HP: 61/65 MP: 18/18
  5548 | D:6      | Noticed Pikel
  5631 | D:6      | Killed Pikel
  5692 | D:6      | Found a glowing silver altar of Zin.
  5692 | D:6      | Found a glowing golden altar of the Shining One.
  5692 | D:6      | Found a white marble altar of Elyvilon.
  5854 | D:6      | Noticed Menkaure
  5871 | D:6      | Killed Menkaure
  6099 | D:6      | Noticed Grinder
  6114 | D:6      | Killed Grinder
  6115 | D:6      | Reached skill level 5 in Invocations
  6202 | D:6      | Reached * piety under Ashenzari
  6203 | D:6      | Found Eppy's Distillery.
  6207 | D:6      | Bought a potion of haste for 100 gold pieces
  6207 | D:6      | Bought a potion of heal wounds for 50 gold pieces
  6228 | D:6      | Noticed Maggie
  6257 | D:6      | Killed Maggie
  6407 | D:7      | Reached XP level 10. HP: 54/73 MP: 20/20
  6672 | D:7      | Reached skill level 5 in Fighting
  6672 | D:7      | Reached skill level 5 in Short Blades
  6672 | D:7      | Reached skill level 5 in Long Blades
  6672 | D:7      | Reached skill level 5 in Axes
  6672 | D:7      | Reached skill level 5 in Maces & Flails
  6672 | D:7      | Reached skill level 5 in Polearms
  6672 | D:7      | Reached skill level 5 in Staves
  6672 | D:7      | Reached skill level 5 in Slings
  6672 | D:7      | Reached skill level 5 in Bows
  6672 | D:7      | Reached skill level 5 in Crossbows
  6672 | D:7      | Reached skill level 5 in Throwing
  6672 | D:7      | Reached skill level 5 in Armour
  6672 | D:7      | Reached skill level 5 in Shields
  6672 | D:7      | Reached skill level 5 in Unarmed Combat
  6672 | D:7      | Reached skill level 5 in Evocations
  6675 | D:7      | Identified the +4 falchion of Parts Unknown {vorpal, rN+}
                  | (You found it on level 5 of the Dungeon)
  6761 | D:7      | Found an iron altar of Okawaru.
  7121 | D:7      | Found Oribifao's Book Shoppe.
  7301 | D:8      | Learned a level 4 spell: Summon Ice Beast
  7560 | D:8      | Found a stormy altar of Qazlal.
  7606 | D:8      | Found a snail-covered altar of Cheibriados.
  7611 | D:8      | Found an iron altar of Okawaru.
  7685 | D:8      | Found Miyn's Antique Weapon Shop.
  7996 | D:8      | Noticed a nameless horror
  8009 | D:8      | Killed a nameless horror
  8397 | D:9      | Found a bloodstained altar of Trog.
  8533 | D:9      | Found a flagged portal.
  8553 | Bailey   | Entered a bailey
  8597 | Bailey   | Learned a level 4 spell: Hailstorm
  8796 | Bailey   | Reached XP level 11. HP: 56/81 MP: 4/22
  9260 | Bailey   | Noticed an orc knight
  9468 | Bailey   | Killed an orc knight
 10405 | D:9      | Reached skill level 5 in Conjurations
 10405 | D:9      | Reached skill level 5 in Hexes
 10405 | D:9      | Reached skill level 5 in Summonings
 10405 | D:9      | Reached skill level 5 in Necromancy
 10405 | D:9      | Reached skill level 5 in Translocations
 10405 | D:9      | Reached skill level 5 in Transmutations
 10405 | D:9      | Reached skill level 5 in Fire Magic
 10405 | D:9      | Reached skill level 5 in Air Magic
 10405 | D:9      | Reached skill level 5 in Earth Magic
 10405 | D:9      | Reached skill level 5 in Poison Magic
 10687 | D:9      | Found a basalt altar of Yredelemnul.
 10819 | D:9      | Reached ** piety under Ashenzari
 10906 | D:9      | Found a burning altar of Makhleb.
 10907 | D:9      | Found a shimmering altar of Xom.
 11026 | D:9      | Noticed Maurice
 11395 | D:9      | Killed Maurice
 11728 | D:10     | Entered Level 10 of the Dungeon
 11756 | D:10     | Found Xuott's Magic Scroll Boutique.
 11852 | D:10     | Killed an unseen horror
 11857 | D:10     | Bought a scroll of remove curse for 48 gold pieces
 11857 | D:10     | Bought a scroll of remove curse for 48 gold pieces
 11950 | D:10     | Found a staircase to the Lair.
 12300 | D:10     | Found a shimmering blue altar of Sif Muna.
 12670 | D:10     | Found a staircase to the Orcish Mines.
 13132 | Lair:1   | Entered Level 1 of the Lair of Beasts
 13159 | Lair:1   | Reached XP level 12. HP: 36/89 MP: 24/24
 13289 | Lair:1   | Noticed a six-headed hydra
 13303 | Lair:1   | Killed a six-headed hydra
 13412 | Lair:1   | Found a dark tunnel.
 13467 | Volcano  | Entered a volcano
 14099 | Lair:1   | Noticed a seven-headed hydra
 14116 | Lair:1   | Killed a seven-headed hydra
 15182 | Lair:2   | Noticed Fannar
 15213 | Lair:2   | Killed Fannar
 15323 | Lair:2   | Noticed a seven-headed hydra
 15594 | Lair:2   | Found a runed translucent gate.
 15594 | Lair:2   | Found a runed translucent gate.
 15594 | Lair:2   | Found a runed translucent gate.
 15595 | Lair:2   | Noticed jiml777's ghost (journeyman DEAE)
 15595 | Lair:2   | Noticed lunkers's ghost (journeyman TeAE)
 15632 | Lair:2   | Killed a seven-headed hydra
 15798 | Lair:2   | Noticed a death yak
 15804 | Lair:2   | Noticed a death yak
 15817 | Lair:2   | Killed a death yak
 15821 | Lair:2   | Killed a death yak
 15822 | Lair:2   | Reached XP level 13. HP: 49/98 MP: 21/26
 16123 | Lair:2   | Reached *** piety under Ashenzari
 16218 | Lair:2   | Found a staircase to the Shoals.
 17023 | Lair:3   | Found a staircase to the Snake Pit.
 17342 | Lair:3   | Noticed Rupert
 17402 | Lair:3   | Killed Rupert
 17948 | Lair:3   | Noticed Sonja
 17954 | Lair:3   | Killed Sonja
 17955 | Lair:3   | Reached skill level 10 in Ice Magic
 19509 | Lair:4   | Reached **** piety under Ashenzari
 20005 | Lair:4   | Reached skill level 10 in Spellcasting
 20350 | Lair:5   | Learned a level 1 spell: Apportation
 20396 | Lair:5   | Reached XP level 14. HP: 60/106 MP: 25/28
 20692 | Lair:5   | Reached skill level 10 in Dodging
 21183 | Lair:6   | Entered Level 6 of the Lair of Beasts
 21183 | Lair:6   | Found a staircase to the Slime Pits.
 21644 | Lair:6   | Reached skill level 10 in Stealth
 21916 | Lair:6   | Reached skill level 10 in Invocations
 23065 | Lair:6   | Reached ***** piety under Ashenzari
 23652 | Orc:1    | Entered Level 1 of the Orcish Mines
 24087 | Orc:2    | Entered Level 2 of the Orcish Mines
 24348 | Orc:2    | Noticed Azrael
 24361 | Orc:2    | Killed Azrael
 24369 | Orc:2    | Found a roughly hewn altar of Beogh.
 24370 | Orc:2    | Found Ziew's Armour Emporium.
 24403 | Orc:2    | Bought a +2 helmet for 214 gold pieces
 24403 | Orc:2    | Bought a +1 pair of gloves of archery for 214 gold pieces
 24810 | Orc:2    | Found a roughly hewn altar of Beogh.
 25251 | Orc:2    | Found a staircase to the Elven Halls.
 25506 | Orc:2    | Found a roughly hewn altar of Beogh.
 25624 | Orc:2    | Found a roughly hewn altar of Beogh.
 25783 | Orc:2    | Found a roughly hewn altar of Beogh.
 25790 | Orc:2    | Found Daeqaer's Antique Weapon Emporium.
 26075 | Orc:2    | Bought a glowing broad axe for 182 gold pieces
 26180 | Orc:2    | Noticed an orc warlord
 26518 | Orc:2    | Killed an orc warlord
 26519 | Orc:2    | Reached XP level 15. HP: 115/115 MP: 29/29
 26565 | Orc:2    | Found Lotul's Antique Weapon Emporium.
 26565 | Orc:2    | Found a roughly hewn altar of Beogh.
 26575 | Orc:2    | Found Nuseach's Antique Armour Shoppe.
 26586 | Orc:2    | Bought a bloodstained chain mail for 313 gold pieces
 26586 | Orc:2    | Identified the cursed +1 chain mail of the Trees {Rampage
                  | *Slow MR+} (You bought it in a shop on level 2 of the
                  | Orcish Mines)
 27654 | D:11     | Noticed Psyche
 27661 | D:11     | Killed Psyche
 27771 | D:11     | Found Gusylawu's Magic Scroll Shoppe.
 27866 | D:11     | Bought a scroll of remove curse for 36 gold pieces
 27866 | D:11     | Bought a scroll of enchant weapon for 90 gold pieces
 27866 | D:11     | Bought a scroll of remove curse for 36 gold pieces
 27866 | D:11     | Bought a scroll of enchant weapon for 90 gold pieces
 27866 | D:11     | Bought a scroll of blinking for 90 gold pieces
 27866 | D:11     | Bought a scroll of enchant armour for 90 gold pieces
 29333 | D:13     | Found a runed translucent gate.
 29333 | D:13     | Identified the +5 plate armour "Liudinat" {rF+ rCorr Int+3
                  | Stlth-}
 29334 | D:13     | Found a runed translucent gate.
 29335 | D:13     | Found a runed translucent gate.
 29337 | D:13     | Noticed OhItsWolfy's ghost (journeyman MiFi)
 29342 | D:13     | Found a roughly hewn altar of Beogh.
 29369 | D:13     | Killed OhItsWolfy's ghost
 29370 | D:13     | Reached skill level 10 in Fighting
 29370 | D:13     | Reached skill level 10 in Short Blades
 29370 | D:13     | Reached skill level 10 in Long Blades
 29370 | D:13     | Reached skill level 10 in Axes
 29370 | D:13     | Reached skill level 10 in Maces & Flails
 29370 | D:13     | Reached skill level 10 in Polearms
 29370 | D:13     | Reached skill level 10 in Staves
 29370 | D:13     | Reached skill level 10 in Slings
 29370 | D:13     | Reached skill level 10 in Bows
 29370 | D:13     | Reached skill level 10 in Crossbows
 29370 | D:13     | Reached skill level 10 in Throwing
 29370 | D:13     | Reached skill level 10 in Armour
 29370 | D:13     | Reached skill level 10 in Shields
 29370 | D:13     | Reached skill level 10 in Unarmed Combat
 29370 | D:13     | Reached skill level 10 in Evocations
 29780 | D:13     | Noticed Frances
 29781 | D:13     | Identified the +8 whip "Grim Tooth" {flame, rElec Str+3}
 29801 | D:13     | Killed Frances
 31239 | D:14     | Reached ****** piety under Ashenzari
 31575 | D:14     | Found a burning altar of Makhleb.
 31703 | D:14     | Found a runed translucent door.
 31703 | D:14     | Noticed Eshrimu's ghost (journeyman DEAE)
 32122 | D:14     | Found a gate to the Vaults.
 32459 | D:14     | Reached XP level 16. HP: 105/123 MP: 27/31
 32681 | D:15     | Entered Level 15 of the Dungeon
 33109 | D:15     | Found a staircase to the Depths.
 34963 | D:15     | Learned a level 6 spell: Freezing Cloud
 35391 | Snake:1  | Entered Level 1 of the Snake Pit
 35391 | Snake:1  | Found Zohikaq's Antique Weapon Boutique.
 36546 | Snake:2  | Noticed a nagaraja
 36557 | Snake:2  | Killed a nagaraja
 36856 | Snake:2  | Found Ycwughew's Gadget Emporium.
 36862 | Snake:2  | Found Nuolumn's Jewellery Shop.
 36863 | Snake:2  | Found Wokhat's Gadget Emporium.
 36872 | Snake:2  | Bought the macabre finger necklace {rN+} for 480 gold
                  | pieces
 36872 | Snake:2  | Found the macabre finger necklace {rN+}
 37236 | Snake:2  | Found Puhong's Antique Weapon Shoppe.
 37237 | Snake:2  | Noticed Aizul
 37253 | Snake:2  | Killed Aizul
 37253 | Snake:2  | Noticed a nagaraja
 37264 | Snake:2  | Killed a nagaraja
 37729 | Snake:2  | Found a glowing golden altar of the Shining One.
 38242 | Snake:2  | Found a runed translucent door.
 38466 | Snake:2  | Found a stormy altar of Qazlal.
 38714 | Snake:2  | Noticed wjtupper's ghost (adept MiHu)
 38785 | Snake:2  | Killed wjtupper's ghost
 39588 | Snake:3  | HP: 5/125 [something (9)]
 40240 | Shoals:1 | Entered Level 1 of the Shoals
 40677 | Shoals:1 | Reached XP level 17. HP: 130/131 MP: 33/33
 41164 | Shoals:1 | Identified the amulet of Xawadd {Faith *Corrode +Blink MP+9
                  | Dex+4}
 41472 | Shoals:1 | Identified the cursed +1 robe "Zebaciha" {rF++}
 42873 | Shoals:2 | Found a frozen archway.
 42887 | IceCv    | Entered an ice cave
 42890 | IceCv    | Identified the cursed -3 cloak of the Valley of Death
                  | {Rampage}
 43773 | IceCv    | Identified the Handbook of the Icy Oath
 44436 | Shoals:2 | HP: 3/131 [merfolk javelineer/javelin (16)]
 44437 | Shoals:2 | Hit by a javelin thrown by a merfolk javelineer

Illustrated notes

Levels and vault maps discovered:
D:1:      mrwooster_arrival_arrow, layout_loops_ring, minmay_misc_feat_ornament,
          kennysheep_boxes
D:2:      layout_basic, minmay_quadrilaterals, uniq_sigmund
D:3:      layout_loops_ring, kiku_gazebo_garden_becter
D:4:      cheibrodos_old_hovel, layout_loops_corners, minmay_temple_entry_grid,
          uniq_crazy_yiuf_cottage
D:5:      layout_basic, nicolae_overflow_crystal_walls, uniq_prince_ribbit1,
          uniq_duvessa, uniq_edmund
D:6:      layout_rooms, good_gods_mini_temple, serial_shops, shop_statue,
          uniq_menkaure, uniq_grinder, uniq_pikel, uniq_maggie
D:7:      layout_basic, grunt_dithmenos_shadows, serial_shops,
          nicolae_shop_temple_entry_statues_fountains,
          chequers_serial_rivers_marsh, hangedman_decor_riveting, okawaru_humans
D:8:      layout_cave_pools, grunt_temple_overflow_open, serial_shops,
          nicolae_shop_waterfront, grunt_decor_arrowhead, eino_tiny_chamber,
          grunt_potential
D:9:      layout_basic, grunt_temple_overflow_champion_of_chaos,
          kennysheep_mini, kennysheep_little_box, enter_bailey_7, uniq_maurice
D:10:     layout_gridville, david_lair_generic, hiddenorc1_lemuel, serial_glass,
          glass_columns_b, glass_columns_c, serial_shops, nicolae_shop_stone,
          minmay_misc_feat_tower, tgw_sif
D:11:     layout_basic, serial_shops, nicolae_shop_window_shopping,
          hangedman_decor_points, uniq_psyche
D:12:     layout_irregular_city
D:13:     layout_roguey [special_room_bee], biasface_ghost_orc_armoury,
          uniq_frances
D:14:     layout_loops_ring, hangedman_vaults_entry_quadrant_bands,
          lemuel_round_altar, ebering_ghost_inner_flame
D:15:     grunt_enter_depths_snipers, layout_irregular_city,
          minmay_fountain_box, nooodl_orcs_dogs
Temple:   nicolae_temple_figure_zero
Lair:1:   layout_cave_pods, nicolae_volcano_entry_lava_flow
Lair:2:   layout_roguey, minmay_shoals_entry_lonely_mermaid,
          gammafunk_ghost_cemetery, cheibrodos_lair_reptile_den, uniq_fannar
Lair:3:   layout_concentric_octagons, minmay_snake_entry_guardpost_small,
          minmay_holes, grunt_megastairs_5, infiniplex_staircase_pool_2,
          lemuel_fruit_tree, uniq_rupert, uniq_sonja
Lair:4:   layout_loops_ring
Lair:5:   layout_roguey
Lair:6:   hangedman_lair_caniforms_friends, layout_regular_city,
          guppyfry_lair_end_dragon, slime_dummy, serial_bayou_pond_a,
          uniq_nessos
Shoals:1: layout_shoals, nicolae_shoals_cliffside_cave
Shoals:2: layout_shoals, portal_ice_cave_entry_pillars_2
Snake:1:  layout_misc_corridors, serial_shops, shop
Snake:2:  layout_cave_shapes, basic_altar, ebering_ghost_inner_flame,
          serial_shops, shop, lemuel_oklob_altar, minmay_shop_grove,
          grunt_megastairs_2, serial_bayou_shore_a, uniq_aizul
Snake:3:  gammafunk_sealed_library, layout_cave_town, nicolae_snake_shapes,
          minmay_shoptagon
Orc:1:    layout_caves
Orc:2:    grunt_orc_community_town_hall, layout_caves,
          grunt_orc_community_big_house_1, grunt_orc_community_big_house_2,
          grunt_orc_community_house_3, grunt_orc_community_house_1,
          grunt_orc_community_house_3, grunt_orc_community_house_1,
          grunt_orc_community_house_3, grunt_orc_community_house_2, uniq_azrael

Skill      XL: |  1  2  3  4  5  6  7  8  9 10 11 12 13 14 15 16 17 |
---------------+----------------------------------------------------+-----
Spellcasting   | 5 6 7 8 9 10 11 12 | 12.4
Invocations    | 1 2 3 4 5 6 7 8 9 10 11 12 | 12.4
Fighting       | 1 2 3 4 5 6 7 8 9 10 11 | 11.5
Short Blades   | 1 2 3 4 5 6 7 8 9 10 11 | 11.5
Long Blades    | 1 2 3 4 5 6 7 8 9 10 11 | 11.5
Axes           | 1 2 3 4 5 6 7 8 9 10 11 | 11.5
Maces & Flails | 1 2 3 4 5 6 7 8 9 10 11 | 11.5
Polearms       | 1 2 3 4 5 6 7 8 9 10 11 | 11.5
Staves         | 1 2 3 4 5 6 7 8 9 10 11 | 11.5
Slings         | 1 2 3 4 5 6 7 8 9 10 11 | 11.5
Bows           | 1 2 3 4 5 6 7 8 9 10 11 | 11.5
Crossbows      | 1 2 3 4 5 6 7 8 9 10 11 | 11.5
Throwing       | 1 2 3 4 5 6 7 8 9 10 11 | 11.5
Armour         | 1 2 3 4 5 6 7 8 9 10 11 | 11.5
Shields        | 1 2 3 4 5 6 7 8 9 10 11 | 11.5
Unarmed Combat | 1 2 3 4 5 6 7 8 9 10 11 | 11.5
Evocations     | 1 2 3 4 5 6 7 8 9 10 11 | 11.5
Conjurations   | 1 2 3 4 5 6 7 8 9 |  9.8
Hexes          | 1 2 3 4 5 6 7 8 9 |  9.8
Summonings     | 1 2 3 4 5 6 7 8 9 |  9.8
Necromancy     | 1 2 3 4 5 6 7 8 9 |  9.8
Translocations | 1 2 3 4 5 6 7 8 9 |  9.8
Transmutations | 1 2 3 4 5 6 7 8 9 |  9.8
Fire Magic     | 1 2 3 4 5 6 7 8 9 |  9.8
Air Magic      | 1 2 3 4 5 6 7 8 9 |  9.8
Earth Magic    | 1 2 3 4 5 6 7 8 9 |  9.8
Poison Magic   | 1 2 3 4 5 6 7 8 9 |  9.8
Dodging        | 5 6 7 8 9 10 11 12 | 12.3
Stealth        | 5 6 7 8 9 10 11 12 | 12.2
Ice Magic      | 8 9 10 11 | 11.9

Action                   |  1- 3 |  4- 6 |  7- 9 | 10-12 | 13-15 | 16-18 || total
-------------------------+-------+-------+-------+-------+-------+-------++-------
Melee: Unarmed           |     1 |       |       |       |       |       ||     1
       Club              |    12 |     2 |       |       |       |       ||    14
       Punch             |     1 |       |     1 |    13 |    49 |     9 ||    73
       Scythe            |       |    13 |    62 |       |       |       ||    75
       Bite              |       |       |    19 |    73 |   125 |    78 ||   295
       Rapier            |       |       |   110 |   634 |   879 |       ||  1623
       Broad axe         |       |       |       |       |   295 |   630 ||   925
 Cast: Freeze            |    36 |    30 |     3 |    13 |    10 |     4 ||    96
       Frozen Ramparts   |       |    12 |    31 |    64 |   124 |    40 ||   271
       Summon Ice Beast  |       |       |       |    78 |    54 |    20 ||   152
       Hailstorm         |       |       |       |    10 |    21 |    16 ||    47
Invok: Curse Item        |       |       |     1 |     7 |     4 |     3 ||    15
Evoke: Wand              |       |       |       |       |     9 |    15 ||    24
  Use: Scroll            |       |       |     2 |    11 |    16 |    15 ||    44
       Potion            |       |       |     6 |     4 |     5 |     5 ||    20
 Stab: Sleeping          |       |     1 |     7 |    14 |    27 |     4 ||    53
       Distracted        |       |       |       |     3 |       |     3 ||     6
       Paralysed         |       |       |       |       |     2 |       ||     2
Armor: Robe              |     5 |       |       |       |       |       ||     5
       Leather armour    |     2 |     6 |    11 |       |       |       ||    19
       Scale mail        |       |       |    76 |   264 |    96 |       ||   436
       Fire dragon scale |       |       |       |       |   224 |    50 ||   274
       Plate armour      |       |       |       |       |       |   487 ||   487
Dodge: Dodged            |    26 |    34 |   120 |   382 |   573 |   300 ||  1435
Block: Other             |       |       |       |   142 |   209 |    42 ||   393
       Reflection        |       |       |       |    11 |    12 |    36 ||    59
       Buckler           |       |       |       |       |       |   399 ||   399

Table legend: (Time is in decaauts)
 A = Elapsed time spent in this place.
 B = Non-inter-level travel time spent in this place.
 C = Inter-level travel time spent in this place.
 D = Time resting spent in this place.
 E = Time spent auto-exploring this place.
 F = Levels seen in this place.
 G = Mean time per level.
                   A        B        C        D        E       F      G
               +--------+--------+--------+--------+--------+-----+--------+
         Total |  43780 |  41913 |   1867 |   6133 |  28826 |  32 | 1368.1 |
       Dungeon |  19621 |  18590 |   1031 |   1261 |  14176 |  15 | 1308.1 |
        Temple |    142 |    136 |      6 |      0 |    107 |   1 |  142.0 |
          Lair |   9812 |   9265 |    547 |   1142 |   6732 |   6 | 1635.3 |
        Shoals |   3269 |   3243 |     26 |    597 |   2049 |   2 | 1634.5 |
     Snake Pit |   4773 |   4660 |    113 |   1560 |   2599 |   3 | 1591.0 |
  Orcish Mines |   3108 |   2965 |    143 |    210 |   2135 |   2 | 1554.0 |
        Bailey |   1603 |   1603 |      0 |    549 |    740 |   1 | 1603.0 |
      Ice Cave |   1001 |   1001 |      0 |    656 |     92 |   1 | 1001.0 |
       Volcano |    448 |    448 |      0 |    157 |    195 |   1 |  448.0 |
               +--------+--------+--------+--------+--------+-----+--------+

Top non-repeatable levels by time:
 Snake:2: 3177 daAuts
    D:14: 2313 daAuts
Shoals:1: 2236 daAuts
  Lair:6: 2210 daAuts
   Orc:2: 2144 daAuts
  Lair:3: 2134 daAuts
    D:15: 1971 daAuts
    D:13: 1730 daAuts
  Lair:2: 1676 daAuts
     D:4: 1674 daAuts
    D:10: 1605 daAuts
  Bailey: 1603 daAuts
     D:9: 1452 daAuts
  Lair:4: 1427 daAuts
  Lair:1: 1353 daAuts
